 Dungeon Crawl Stone Soup version 0.29-a0-233-g1125b37a9b (webtiles) character file.

Game seed: 13217727322289364765

562 iguanaiguana the Stinger (level 7, -9/139 HPs)
             Began as a Naga Venom Mage on Mar 2, 2022.
             Was a Priest of Sif Muna.
             Mangled by a troll (11 damage)
             ... on level 5 of the Dungeon.
             The game lasted 00:17:03 (4549 turns).

iguanaiguana the Stinger (Naga Venom Mage)          Turns: 4549, Time: 00:17:04

Health: -9/139     AC: 27    Str: 11    XL:     7   Next: 32%
Magic:  9/11       EV:  1    Int: 17    God:    Sif Muna [***...]
Gold:   104        SH:  0    Dex: 11    Spells: 4/11 levels left

rFire   . . .      SeeInvis +   w - +1 morningstar (venom)
rCold   . . .      Faith    .   (no shield)
rNeg    . . .      Spirit   .   (body armour currently unavailable)
rPois   +          Reflect  .   (helmet currently unavailable)
rElec   .          Harm     .   (cloak currently unavailable)
rCorr   .          Rampage  .   (gloves currently unavailable)
Will    .....      NoTele   +   (no barding)
Stlth   ..........              (no amulet)
HPRegen 0.33/turn               e - +4 ring of protection
MPRegen 0.12/turn               (no ring)

@: berserking (expiring), tree-form, very quick
A: stationary, stasis, torment immunity, boosted hp, AC +2, large, see
invisible, (deformed body), (poison resistance), (slowness 2), spit poison 1,
(naga tail 1)
a: Spit Poison, Renounce Religion, Channel Magic, Forget Spell


You were on level 5 of the Dungeon.
You worshipped Sif Muna.
Sif Muna was most pleased with you.
You were a tree.
You visited 1 branch of the dungeon, and saw 5 of its levels.

You collected 128 gold pieces.
You spent 24 gold pieces at shops.

Inventory:

Hand Weapons
 c - a +0 trident
 w - a +1 morningstar of venom (weapon)
Missiles
 f - a curare-tipped dart
 q - 9 poisoned darts
Armour
 a - a +0 robe (melded)
 n - the +1 ring mail "Oxiphohety" {Rampage rElec rCorr Dex+7}
   (You found it on level 3 of the Dungeon)

   Dex:       It affects your dexterity (+7).
   rElec:     It insulates you from electricity.
   rCorr:     It protects you from acid and corrosion.
   Rampage:   It bestows one free step when moving towards enemies.
 r - a scarf of shadows (melded)
Jewellery
 e - a +4 ring of protection (left branch)
Wands
 s - a wand of flame (30)
 v - a wand of digging (5) {@v3}
Scrolls
 b - a scroll of acquirement {unknown}
 d - a scroll of amnesia {unknown}
 i - a scroll of brand weapon {unknown}
 k - 4 scrolls of magic mapping {unknown}
 o - a scroll of vulnerability {unknown}
 p - a scroll of blinking {unknown}
 y - a scroll of teleportation {unknown}
Potions
 g - a potion of lignification
 h - a potion of might {@q3}
 l - 2 potions of heal wounds {unknown}
 m - 2 potions of cancellation
 t - a potion of attraction {unknown}
 u - a potion of berserk rage
 x - a potion of ambrosia {unknown}


   Skills:
 + Level 3.0 Fighting
 - Level 1.5 Dodging
 - Level 3.0 Stealth
 * Level 2.8 Spellcasting
 + Level 2.5 Conjurations
 - Level 1.0 Transmutations
 + Level 2.5 Air Magic
 * Level 7.6 Poison Magic


You had 4 spell levels left.
You knew the following spells:

 Your Spells              Type           Power      Damage    Failure   Level
a - Sting                 Tmut/Pois      68%        1d6       3%          1
b - Poisonous Vapours     Pois/Air       38%        N/A       3%          2
c - Olgreb's Toxic Radia  Pois           28%        N/A       8%          4

Your spell library contained the following spells:

 Spells                   Type           Power      Damage    Failure   Level
 Mephitic Cloud           Conj/Pois/Air  16%        N/A       10%         3
 Wereblood                Tmut           5%         N/A       19%         2
 Sublimation of Blood     Necr           2%         N/A       26%         2
 Dazzling Flash           Conj/Hex       12%        N/A       32%         3
 Stone Arrow              Conj/Erth      12%        3d7       32%         3
 Iskenderun's Mystic Bla  Conj/Tloc      6%         2d4       71%         4
 Animate Armour           Summ/Erth      4%         N/A       87%         4
 Starburst                Conj/Fire      3%         6d3       100%        6
 Summon Hydra             Summ           1%         N/A       100%        7
 Lehudib's Crystal Spear  Conj/Erth      3%         10d2      100%        8


Dungeon Overview and Level Annotations

Branches:
Dungeon (5/15)
 Temple: D:4-7

Altars:
Okawaru
Sif Muna
Vehumet
Yredelemnul
The Shining One

Shops:
D:2 *?[


Innate Abilities, Weirdness & Mutations

You are a tree.
Your roots penetrate the ground, keeping you stationary.
You cannot be teleported.
You are immune to unholy pain and torment.
Your maximum health is greatly increased.
Your equipment is partially melded.
((Your serpentine skin is tough. (AC +2)))
You have supernaturally acute eyesight. (SInv)
((Armour fits poorly on your strangely shaped body.))
((Your system is resistant to poisons. (rPois)))
((You cover ground very slowly.))
You can spit poison.
((You have a snake-like lower body.))


Message History

You turn into a tree.
Your scarf of shadows melds into your body.
Your +0 robe melds into your body.
The dungeon's light returns to normal.
Your roots penetrate the ground.
The troll bites you but does no damage.
The troll claws you but does no damage. x2
You feel better. The troll bites you but does no damage.
The troll completely misses you. The troll claws you.
* * * LOW HITPOINT WARNING * * *
A red film seems to cover your vision as you go berserk!
You feel yourself moving faster!
You feel mighty! The troll bites you but does no damage.
The troll claws you but does no damage. x2
You barely miss the troll.
The troll is heavily wounded.
An orc comes into view. It is wielding a +0 mace.
The troll bites you but does no damage.
The troll claws you but does no damage. x2
You barely miss the troll.
The troll is heavily wounded.
The orc shouts!
You hear a shout!
The troll bites you but does no damage. The troll claws you but does no damage.
The troll claws you.
* * * LOW HITPOINT WARNING * * *
The orc hits you but does no damage.
You closely miss the troll.
The troll is heavily wounded.
The troll bites you but does no damage.
The troll claws you but does no damage. x2
The orc hits you but does no damage. The troll bites you!
* * * LOW HITPOINT WARNING * * *
The troll claws you!
* * * LOW HITPOINT WARNING * * *
The troll claws you but does no damage.
You closely miss the troll.
The troll is moderately wounded.
The orc hits you but does no damage.
You barely miss the troll.
The troll is moderately wounded.
The troll bites you but does no damage. The troll claws you but does no damage.
The troll claws you.
* * * LOW HITPOINT WARNING * * *
The orc hits you but does no damage. The troll bites you!
You die...

...........# #. ..........##
..........# ..........#
........ ........ #.......
##### ... ....#....
###...#### #...
.####...###.....♣To#### ....
## ##...##.......o....##...
# #....#...............# ..
# #....................#....
#.....................#
###.....................#
#.......................#
##......#..................
#.......#..................#


You could see a troll (poisoned) and 2 orcs.

Vanquished Creatures
  A kobold brigand (D:3)
  2 bullfrog zombies (D:5)
  A centaur zombie (D:5)
  3 hounds
  A scorpion zombie (D:5)
  Natasha (thrice) (D:2)
  An orc wizard (D:4)
  Terence (D:2)
  A hound zombie (D:5)
  2 adders
  A white imp (D:3)
  A worm (D:4)
  3 dart slugs
  10 orcs
  9 endoplasms
  7 giant cockroaches
  3 goblins
  10 hobgoblins
  8 jackals (D:1)
  4 kobolds
  A quokka (D:1)
  9 ball pythons
  6 bats
  A frilled lizard (D:2)
  3 hobgoblin zombies (D:3)
  A kobold skeleton (D:3)
  6 kobold zombies (D:3)
  3 orc zombies (D:3)
  2 rats (D:1)
104 creatures vanquished.

Notes
Turn   | Place    | Note
-------+----------+-------------------------------------------
     0 | D:1      | iguanaiguana the Naga Venom Mage began the quest for the
                  | Orb.
     0 | D:1      | Reached XP level 1. HP: 15/15 MP: 3/3
   166 | D:1      | Reached XP level 2. HP: 24/24 MP: 0/5
   398 | D:1      | Reached skill level 1 in Fighting
   575 | D:1      | Reached skill level 5 in Poison Magic
   637 | D:1      | Reached XP level 3. HP: 31/31 MP: 4/6
   861 | D:1      | Learned a level 2 spell: Poisonous Vapours
   921 | D:1      | Found a faded altar of an unknown god.
  1025 | D:1      | Prayed at the altar of an unknown god.
  1025 | D:1      | Became a worshipper of Sif Muna the Loreminder
  1025 | D:1      | Reached * piety under Sif Muna
  1328 | D:2      | Found Wioth's Magic Scroll Emporium.
  1411 | D:2      | Bought a scroll of identify for 24 gold pieces
  1413 | D:2      | Noticed Terence
  1440 | D:2      | Found Onit's Assorted Antiques.
  1472 | D:2      | Found Metzor's Armour Shoppe.
  1491 | D:2      | Noticed Natasha
  1750 | D:3      | Identified the +1 ring mail "Oxiphohety" {Rampage rElec
                  | rCorr Dex+7}
  1884 | D:3      | Reached XP level 4. HP: 38/38 MP: 4/7
  1999 | D:3      | Noticed a kobold brigand
  2014 | D:3      | Killed a kobold brigand
  2015 | D:3      | Reached skill level 1 in Conjurations
  2015 | D:3      | Reached skill level 1 in Air Magic
  2015 | D:3      | Reached skill level 6 in Poison Magic
  2015 | D:3      | Reached XP level 5. HP: 20/45 MP: 3/8
  2229 | D:3      | Found a glowing golden altar of the Shining One.
  2231 | D:3      | Reached ** piety under Sif Muna
  2844 | D:2      | Killed Natasha
  2850 | D:2      | Noticed Natasha
  2863 | D:2      | Killed Natasha
  3003 | D:2      | Noticed Natasha
  3009 | D:2      | Killed Natasha
  3010 | D:2      | Reached XP level 6. HP: 55/55 MP: 4/9
  3144 | D:2      | Killed Terence
  3231 | D:3      | Learned a level 4 spell: Olgreb's Toxic Radiance
  3391 | D:4      | Reached skill level 7 in Poison Magic
  3494 | D:4      | Found a radiant altar of Vehumet.
  3653 | D:4      | Found an iron altar of Okawaru.
  4127 | D:5      | Entered Level 5 of the Dungeon
  4155 | D:5      | Reached XP level 7. HP: 59/61 MP: 10/10
  4185 | D:5      | Reached *** piety under Sif Muna
  4186 | D:5      | Found a basalt altar of Yredelemnul.
  4531 | D:5      | Noticed a troll
  4547 | D:5      | HP: 6/139 [troll (7)]
  4549 | D:5      | HP: 2/139 [troll (5)]
  4549 | D:5      | Mangled by a troll

Illustrated notes

Levels and vault maps discovered:
D:1:      lightli_arrival_chessboard, layout_basic,
          dreamdust_ecumenical_altar_hidden_monk_grotto
D:2:      layout_rooms, serial_shops, nicolae_diamond_shop, shop, shop,
          skrybe_limestone_x, grunt_decor_one_mirror, uniq_natasha, uniq_terence
D:3:      layout_basic, nicolae_tso_besieged_by_evil
D:4:      layout_rooms, mainiacjoe_overflow_paths, vehumet_crystals, st_stairs_1
D:5:      layout_cave_pods, nicolae_yredelemnul_corpse_copse,
          nicolae_wu_jian_immortal_techniques, mainiacjoe_overflow_brackets,
          uniq_menkaure

Skill      XL: |  1  2  3  4  5  6  7 |
---------------+----------------------+-----
Fighting       | 1 2 3 |  3.0
Poison Magic   | 5 6 7 |  7.6
Conjurations   | 1 2 |  2.5
Air Magic      | 1 2 |  2.5
Dodging        | |  1.5
Stealth        | |  3.0
Spellcasting   | |  2.8
Transmutations | |  1.0

Action                   |  1- 3 |  4- 6 |  7- 9 || total
-------------------------+-------+-------+-------++-------
Melee: Trident           |    30 |    78 |       ||   108
       Morningstar       |       |    57 |    35 ||    92
 Cast: Sting             |    56 |    37 |     1 ||    94
       Poisonous Vapours |       |    15 |     1 ||    16
       Olgreb's Toxic Ra |       |     1 |       ||     1
 Abil: Spit Poison       |     6 |     5 |     1 ||    12
  Use: Scroll            |     4 |     1 |       ||     5
       Potion            |       |       |     3 ||     3
 Stab: Sleeping          |       |     4 |       ||     4
Armor: Robe              |    25 |    84 |    25 ||   134
       Skin              |       |       |    22 ||    22
Dodge: Dodged            |    24 |   111 |    22 ||   157

Table legend: (Time is in decaauts)
 A = Elapsed time spent in this place.
 B = Non-inter-level travel time spent in this place.
 C = Inter-level travel time spent in this place.
 D = Time resting spent in this place.
 E = Time spent auto-exploring this place.
 F = Levels seen in this place.
 G = Mean time per level.
                   A        B        C        D        E       F      G
               +--------+--------+--------+--------+--------+-----+--------+
         Total |   5570 |   5229 |    341 |    755 |   3415 |   5 | 1114.0 |
       Dungeon |   5570 |   5229 |    341 |    755 |   3415 |   5 | 1114.0 |
               +--------+--------+--------+--------+--------+-----+--------+

Top non-repeatable levels by time:
     D:1: 1592 daAuts
     D:3: 1528 daAuts
     D:4: 1055 daAuts
     D:2: 889 daAuts
     D:5: 504 daAuts
